 Dungeon Crawl Stone Soup version 0.30.1 (webtiles) character file.

Game seed: 3883701691932817636

373 boopmooplesden the Poker (level 6, -6/48 HPs)
             Began as a Demonspawn Berserker on July 9, 2023.
             Was a Believer of Trog.
             Killed by divine providence
             ... invoked by an orc priest
              (16 damage)
             ... on level 3 of the Dungeon.
             The game lasted 00:03:08 (1978 turns).

boopmooplesden the Poker (Demonspawn Berserker)     Turns: 1978, Time: 00:03:08

Health: -6/48      AC:  8    Str: 19    XL:     6   Next: 43%
Magic:  6/6        EV: 12    Int:  9    God:    Trog [**....]
Gold:   98         SH:  0    Dex: 12    Spells: 5/5 levels left

rFire   . . .        j - +0 scythe
rCold   + . .        (shield currently unavailable)
rNeg    . . .        e - +0 ring mail
rPois   .            (no helmet)
rElec   .            l - +0 cloak
rCorr   +            (no gloves)
SInv    .            o - +1 pair of boots
Will    .....        (no amulet)
Stlth   +            f - ring of resist corrosion
HPRegen 0.28/turn    h - ring of protection from cold
MPRegen 0.10/turn

%: no passive effects
@: mighty
A: powered by pain 1, sturdy frame 3
a: Renounce Religion, Berserk, Trog's Hand


You were on level 3 of the Dungeon.
You worshipped Trog.
Trog was pleased with you.
You visited 1 branch of the dungeon, and saw 3 of its levels.

You collected 98 gold pieces.

Inventory:

Hand Weapons
 a - a +0 spear
 j - a +0 scythe (weapon)
Armour
 e - a +0 ring mail (worn)
 l - a +0 cloak (worn)
 o - a +1 pair of boots (worn)
Jewellery
 f - a ring of resist corrosion (left hand)
 h - a ring of protection from cold (right hand)
Scrolls
 b - a scroll of magic mapping {unknown}
 c - 2 scrolls of identify {unknown}
 n - a scroll of fear {unknown}
 p - a scroll of noise {unknown}
Potions
 d - a potion of magic {unknown}
 g - a potion of degeneration {unknown}
 i - 4 potions of curing {unknown}
 k - a potion of invisibility {unknown}
 m - a potion of cancellation {unknown}


   Skills:
 + Level 4.1 Fighting
 + Level 4.9 Polearms
 + Level 2.8 Armour
 + Level 2.9 Dodging
 + Level 0.9 Stealth


You had 5 spell levels left.
You didn't know any spells.
Your spell library was empty.

Dungeon Overview and Level Annotations

Branches:
Dungeon (3/15)

Altars:


Innate Abilities, Weirdness & Mutations

You sometimes gain a little power by taking damage.
Your movements are significantly less encumbered by armour. (ER -6)


Message History

A kobold comes into view. It is wielding a +0 short sword.
An orc priest comes into view. It is wielding a +0 mace.
An orc wizard comes into view. It is wielding a +0 dagger.
The orc wizard shouts!
The rat closely misses you. The orc closely misses you.
The orc wizard hits you with a +0 dagger.
You miss the rat. The kobold hits you but does no damage.
The rat barely misses you. The orc wizard closely misses you.
You miss the orc. The rat barely misses you. The orc barely misses you.
The orc hits you but does no damage. The orc wizard casts a spell at you.
You are more confused.
The kobold barely misses you.
You miss the kobold. The rat closely misses you.
The orc hits you with a +0 whip. x2; The orc wizard closely misses you.
The kobold hits you but does no damage.
The orc priest invokes the aid of Beogh against you.
Beogh smites you! The kobold misses you. The rat barely misses you.
The orc hits you but does no damage. The orc barely misses you.
The orc wizard completely misses you. The orc attacks as you move away!
The orc barely misses you. The orc closely misses you. The kobold misses you.
The orc priest calls down the wrath of Beogh upon you.
Beogh smites you!
You focus on the pain.
You feel very mighty all of a sudden.
You're too confused to move!
The kobold hits you but does no damage. The kobold attacks as you move away!
The kobold misses you. The orc completely misses you.
The orc barely misses you.
You're too confused to move!
The orc hits you with a +0 whip. The kobold hits you but does no damage.
The orc attacks as you move away! The orc closely misses you.
You feel less confused.
The orc wizard hits you but does no damage.
The kobold hits you with a +0 short sword.
The orc priest calls down the wrath of Beogh upon you.
Beogh smites you!
* * * LOW HITPOINT WARNING * * *
The orc priest invokes the aid of Beogh against you.
Beogh smites you!
You die...

####### .........#
.........# #####
.........## .....
.......... ...
.........###.#
..........K..#
.........oo.##
........roo@.##
.....).....#.>###
#####.#.#o.##...#
#######
.....#.....#.##
#......
#>.##.##.###....##
#...... .. #.# #.
#.# ###...##
#.....( #.#.. #..
#.# #.#..###......
... ..# ..#
#..#..§...†...
#.## .###.#
##...§.§#..###


You could see an orc priest, 2 orc wizards, 2 orcs, a kobold and a rat.

Vanquished Creatures
  Sigmund (D:2)
  A hound (D:3)
  Crazy Yiuf (D:2)
  An orc wizard (D:3)
  Robin (D:2)
  2 adders (D:3)
  3 dart slugs
  A worm (D:2)
  3 orcs (D:3)
  3 ball pythons
  3 bats
  3 endoplasms
  2 giant cockroaches (D:1)
  12 hobgoblins
  10 jackals
  3 quokkas (D:1)
  4 frilled lizards (D:1)
  10 goblins
  6 kobolds
  5 rats
75 creatures vanquished.

Notes
Turn   | Place    | Note
-------+----------+-------------------------------------------
     0 | D:1      | boopmooplesden the Demonspawn Berserker began the quest for
                  | the Orb.
     0 | D:1      | Reached XP level 1. HP: 18/18 MP: 1/1
   100 | D:1      | Gained mutation: Your movements are slightly less
                  | encumbered by armour. (ER -2) [demonic ancestry]
   100 | D:1      | Reached XP level 2. HP: 24/24 MP: 2/2
   416 | D:1      | Reached ** piety under Trog
   417 | D:1      | Gained mutation: You sometimes gain a little power by
                  | taking damage. [demonic ancestry]
   417 | D:1      | Reached XP level 3. HP: 25/29 MP: 3/3
   961 | D:2      | Noticed Sigmund
   979 | D:2      | Killed Sigmund
   980 | D:2      | Gained mutation: Your movements are less encumbered by
                  | armour. (ER -4) [demonic ancestry]
   980 | D:2      | Reached XP level 4. HP: 32/37 MP: 4/4
   980 | D:2      | Gained mutation: Your movements are significantly less
                  | encumbered by armour. (ER -6) [demonic ancestry]
   980 | D:2      | Reached XP level 5. HP: 36/42 MP: 5/5
  1311 | D:2      | Found a runed translucent door.
  1312 | D:2      | Noticed Crazy Yiuf
  1318 | D:2      | Killed Crazy Yiuf
  1425 | D:2      | Noticed Robin
  1447 | D:2      | Killed Robin
  1448 | D:2      | Reached XP level 6. HP: 48/48 MP: 6/6
  1913 | D:3      | Found a faded altar of an unknown god.
  1978 | D:3      | Killed from afar by an orc priest

Illustrated notes

Levels and vault maps discovered:
D:1:      minmay_arrival_diagonal_passages, layout_rooms
D:2:      layout_loops_corners, chequers_serial_rivers_micro_c, uniq_sigmund,
          uniq_robin, uniq_crazy_yiuf_cottage
D:3:      layout_rooms, slow_altar_2, ebering_ecumenical_altar_mist,
          nrook_mini_backslash

Skill      XL: |  1  2  3  4  5 |
---------------+----------------+-----
Armour         | 2 |  2.8
Polearms       | 3 4 |  4.9
Dodging        | 2 |  2.9
Fighting       | 4 |  4.1
Stealth        | |  0.9

Action                     |  1- 3 |  4- 6 || total
---------------------------+-------+-------++-------
  Melee: Spear             |   120 |       ||   120
         Punch             |     2 |       ||     2
         Halberd           |       |   103 ||   103
 Invoke: Berserk           |     2 |     3 ||     5
 Armour: Animal skin       |     5 |       ||     5
         Ring mail         |    32 |    49 ||    81
  Dodge: Dodged            |    72 |    95 ||   167
